 Dungeon Crawl Stone Soup version 0.30-a0-160-gcfceee88d3 (webtiles) character file.

Game seed: 13698930417878581263

152 qw the Chopper (level 5, -2/32 HPs)
             Began as a Gargoyle Fighter on Sept 27, 2022.
             Slain by a gnoll
             ... wielding a +0 whip
             ... led by a gnoll bouda
              (4 damage)
             ... on level 4 of the Dungeon.
             The game lasted 00:01:06 (2914 turns).

qw the Chopper (Gargoyle Fighter)                   Turns: 2914, Time: 00:01:07

Health: -2/32      AC: 16    Str: 21    XL:     5   Next: 34%
Magic:  5/5        EV:  9    Int:  9    God:
Gold:   133        SH:  4    Dex:  9    Spells: 4/4 levels left

rFire   + . .      SeeInvis .    Y - +1 war axe
rCold   . . .      Faith    .    c - +0 buckler
rNeg    + . .      Spirit   .    i - +0 plate armour
rPois   inf        Reflect  .    (no helmet)
rElec   +          Harm     .    (no cloak)
rCorr   .          Rampage  .    (no gloves)
Will    .....                    l - +0 pair of boots
Stlth   ..........               (no amulet)
HPRegen 0.10/turn                h - +4 ring of evasion
MPRegen 0.09/turn                q - ring of protection from fire

@: weakened
A: sickness immunity, AC +4, negative energy resistance 1, electricity
resistance, torment resistance 1, petrification resistance
a: no special abilities


You were on level 4 of the Dungeon.
You visited 1 branch of the dungeon, and saw 4 of its levels.

You collected 185 gold pieces.
You spent 52 gold pieces at shops.


Innate Abilities, Weirdness & Mutations

You are immune to sickness and miasma.
Your stone body is resilient. (AC +4)
You are immune to poison.
You resist negative energy. (rN+)
You are resistant to electric shocks. (rElec)
You are resistant to unholy torment.
You are immune to petrification.


   Skills:
 - Level 3.2 Fighting
 + Level 4.9 Axes
 - Level 3.2 Armour
 - Level 3.2 Shields


You had 4 spell levels left.
You didn't know any spells.
Your spell library was empty.

Inventory:

Hand Weapons
 p - a +0 flail of protection
 Y - a +1 war axe (weapon)
Missiles
 o - a boomerang (quivered)
Armour
 c - a +0 buckler (worn)
 i - a +0 plate armour (worn)
 l - a +0 pair of boots (worn)
Jewellery
 h - a +4 ring of evasion (left hand)
 q - a ring of protection from fire (right hand)
Scrolls
 f - a scroll of identify
 r - a scroll of teleportation
Potions
 a - a potion of attraction
 d - a potion of might
 e - a potion of mutation
 g - a potion of heal wounds
 j - a potion of haste
 k - 3 potions of curing
 m - a potion of lignification
 s - a potion of cancellation

Dungeon Overview and Level Annotations

Branches:
Dungeon (4/15)
 Temple: D:4-7

Altars:
Vehumet

Shops:
D:1 ?   D:3 [

Annotations:
D:1 1 runed translucent door
D:4 Grinder


Message History

A giant cockroach comes into view.
The gnoll shouts!
You slash the gnoll!
The gnoll is heavily wounded.
Grinder gestures at you.
You suddenly lose the ability to move!
The gnoll bouda gazes fiercely through you!
You feel as though you will be weak longer.
The gnoll hits you with a +0 club. Grinder gestures at you.
You shrug off the repeated paralysis!
The gnoll shouts!
The gnoll hits you but does no damage.
The gnoll bouda gazes fiercely through you!
You feel as though you will be weak longer.
The gnoll bouda hits you but does no damage.
The gnoll hits you with a +0 whip. The gnoll hits you but does no damage.
The gnoll bouda completely misses you. Grinder says, "Are you a fish?"
The gnoll hits you but does no damage. x2
The gnoll bouda hits you but does no damage.
Grinder says, "Don't move a muscle."
The gnoll hits you but does no damage. x3
The gnoll bouda hits you with a +0 club.
You can move again.
You slash the gnoll!
You kill the gnoll!
You closely miss the gnoll. You barely miss Grinder. You hit the gnoll.
You slash the gnoll bouda! The gnoll hits you with a +0 whip.
The gnoll barely misses you. Grinder hits you but does no damage.
The gnoll bouda hits you but does no damage.
You slash the gnoll bouda!
The gnoll bouda is almost dead.
You hit the gnoll. You closely miss the gnoll. You closely miss Grinder.
The gnoll hits you with a +0 whip. The gnoll hits you but does no damage.
Grinder hits you but does no damage.
The gnoll bouda hits you with a +0 club!
The gnoll hits you with a +0 whip.
You die...

...## #...
.....##...
#....$...#
#........###
...(.......#
...........#
.#...!5.$..####
......)@......#
##....ggg<....#
##.#..B.##...#
.. ###.......#
. ...##......
...... ....#.?
......$. ......
........ ...##
......... ..#


You could see Grinder, a gnoll bouda, 2 gnolls and a giant cockroach.

Vanquished Creatures
  An orc priest (D:3)
  A gnoll (D:4)
  3 adders (D:2)
  A worm (D:2)
  4 dart slugs
  6 orcs (D:3)
  3 ball pythons
  7 endoplasms
  5 giant cockroaches
  2 goblins
  5 hobgoblins
  2 jackals (D:1)
  3 kobolds
  9 quokkas
  7 bats
  3 frilled lizards
  3 rats (D:1)
65 creatures vanquished.

Notes
Turn   | Place    | Note
-------+----------+-------------------------------------------
     0 | D:1      | qw the Gargoyle Fighter began the quest for the Orb.
     0 | D:1      | Reached XP level 1. HP: 14/14 MP: 1/1
     0 | D:1      | Noticed a jelly
     0 | D:1      | 0 ||| qw: Version: 0.2-a-10-g37ed214
     0 | D:1      | 0 ||| qw: Game counter: 590
     0 | D:1      | 0 ||| qw: Always use a shield: true
     0 | D:1      | 0 ||| qw: God list: Okawaru
     0 | D:1      | 0 ||| qw: Allow faded altars: false
     0 | D:1      | 0 ||| qw: Do Orc after D:15 true
     0 | D:1      | 0 ||| qw: Do second Lair branch before Depths: true
     0 | D:1      | 0 ||| qw: Lair rune preference: random
     0 | D:1      | 0 ||| qw: Plans: Normal, Zot:1-4, God:TSO, Crypt, Tomb,
                  | Pan, Slime:5, Hells, Abyss, Orb
     0 | D:1      | 0 ||| PLANNING D:1-11
     0 | D:1      | Noticed a jelly
     1 | D:1      | Found a runed translucent door.
    36 | D:1      | Reached skill level 2 in Axes
    68 | D:1      | Reached XP level 2. HP: 19/19 MP: 2/2
   335 | D:1      | Reached skill level 3 in Axes
   368 | D:1      | Reached XP level 3. HP: 17/23 MP: 3/3
  1018 | D:1      | Found a faded altar of an unknown god.
  1040 | D:1      | Found Opugre's Magic Scroll Shop.
  1051 | D:1      | 1051 ||| SHOPLISTING scroll of brand weapon (123 gold, have
                  | 86).
  1051 | D:1      | 1051 ||| SHOPLISTING scroll of enchant armour (97 gold,
                  | have 86).
  1051 | D:1      | 1051 ||| SHOPLISTING scroll of enchant weapon (97 gold,
                  | have 86).
  1051 | D:1      | 1051 ||| BUYING scroll of identify (26 gold).
  1051 | D:1      | Bought a scroll of identify for 26 gold pieces
  1051 | D:1      | 1051 ||| BUYING scroll of identify (26 gold).
  1051 | D:1      | Bought a scroll of identify for 26 gold pieces
  1051 | D:1      | 1051 ||| SHOPLISTING scroll of teleportation (39 gold, have
                  | 34).
  1094 | D:1      | 1094 ||| UPGRADING to +0 plate armour.
  1104 | D:1      | 1104 ||| DROPPING +0 scale mail.
  1105 | D:1      | 1105 ||| UPGRADING to +0 pair of boots.
  1110 | D:1      | 1110 ||| DROPPING amulet of magic regeneration.
  1111 | D:1      | 1111 ||| READING scroll labelled QUKHOR HUPOZI.
  1115 | D:1      | 1115 ||| DRINKING 2 lumpy amethyst potions.
  1116 | D:1      | 1116 ||| READING 5 scrolls of identify.
  1116 | D:1      | 1116 ||| IDENTIFYING smoky ruby potion
  1117 | D:1      | 1117 ||| READING 4 scrolls of identify.
  1117 | D:1      | 1117 ||| IDENTIFYING puce potion
  1174 | D:2      | 1174 ||| Stepping ~*~*~tactically~*~*~ (hiding).
  1176 | D:2      | 1176 ||| Stepping ~*~*~tactically~*~*~ (hiding).
  1256 | D:2      | 1256 ||| Stepping ~*~*~tactically~*~*~ (stealth).
  1419 | D:2      | 1419 ||| Stepping ~*~*~tactically~*~*~ (stealth).
  1476 | D:2      | Reached XP level 4. HP: 28/28 MP: 4/4
  1864 | D:2      | Reached skill level 4 in Axes
  1931 | D:2      | 1931 ||| READING scroll labelled TAEMIE PAEZUV.
  1932 | D:2      | 1932 ||| READING scroll labelled SOPURIPOEM.
  1933 | D:2      | 1933 ||| READING scroll labelled ONAC KUKHLAUR.
  1934 | D:2      | 1934 ||| READING 4 scrolls of identify.
  1934 | D:2      | 1934 ||| IDENTIFYING glowing pink potion
  1935 | D:2      | 1935 ||| READING 3 scrolls of identify.
  1935 | D:2      | 1935 ||| IDENTIFYING smoky purple potion
  1936 | D:2      | 1936 ||| DROPPING potion of ambrosia.
  1960 | D:3      | 1960 ||| PLANNING SEWER
  2030 | D:3      | 2030 ||| Stepping ~*~*~tactically~*~*~ (stealth).
  2032 | D:3      | 2032 ||| Stepping ~*~*~tactically~*~*~ (stealth).
  2039 | D:3      | 2039 ||| Stepping ~*~*~tactically~*~*~ (stealth).
  2040 | D:3      | 2040 ||| Stepping ~*~*~tactically~*~*~ (stealth).
  2105 | D:3      | 2105 ||| FLEEEEING.
  2156 | D:3      | Reached XP level 5. HP: 19/32 MP: 5/5
  2292 | D:3      | 2292 ||| DROPPING +0 club.
  2293 | D:3      | 2293 ||| DROPPING +0 whip.
  2572 | D:3      | 2572 ||| RIP SEWER
  2578 | D:3      | 2578 ||| PLANNING D:1-11
  2647 | D:3      | 2647 ||| Stepping ~*~*~tactically~*~*~ (stealth).
  2699 | D:3      | Found Nopno's Antique Armour Boutique.
  2704 | D:3      | 2704 ||| SHOPLISTING heavily runed tower shield (294 gold,
                  | have 133).
  2704 | D:3      | 2704 ||| SHOPLISTING pair of runed gloves (232 gold, have
                  | 133).
  2704 | D:3      | 2704 ||| SHOPLISTING runed storm dragon scales (2573 gold,
                  | have 133).
  2784 | D:3      | Found a radiant altar of Vehumet.
  2859 | D:3      | 2859 ||| UPGRADING to +4 ring of evasion.
  2860 | D:3      | 2860 ||| UPGRADING to ring of protection from fire.
  2861 | D:3      | 2861 ||| READING scroll labelled ITYHEI OLAG.
  2862 | D:3      | 2862 ||| READING scroll labelled HIRIDW KELAAFO.
  2863 | D:3      | 2863 ||| DRINKING 2 lumpy puce potions.
  2864 | D:3      | 2864 ||| READING 3 scrolls of identify.
  2864 | D:3      | 2864 ||| IDENTIFYING bubbling white potion
  2865 | D:3      | 2865 ||| READING 2 scrolls of identify.
  2865 | D:3      | 2865 ||| IDENTIFYING viscous sapphire potion
  2899 | D:4      | Noticed Grinder
  2908 | D:4      | Paralysed by Grinder for 5 turns
  2914 | D:4      | HP: 2/32 [gnoll bouda/+0 club (7)]
  2914 | D:4      | Slain by a gnoll

Levels and vault maps discovered:
D:1:      dpeg_arrival_caged_fury, layout_loops_ring, serial_shops,
          nicolae_shop_trees, basic_ecumenical_altar
D:2:      layout_rooms
D:3:      layout_loops_ring, mainiacjoe_overflow_alcove_4, gup_sewer_entry_pipe,
          serial_shops, shop
D:4:      layout_rooms, okawaru_metal_pillars_3, grunt_decor_cap, uniq_grinder

Skill      XL: |  1  2  3  4 |
---------------+-------------+-----
Axes           | 2 3 4 |  4.9
Fighting       | |  3.2
Armour         | |  3.2
Shields        | |  3.2

Action                   |  1- 3 |  4- 6 || total
-------------------------+-------+-------++-------
Melee: War axe           |   109 |   120 ||   229
Throw: Boomerang         |       |     6 ||     6
  Use: Scroll            |     3 |     9 ||    12
       Potion            |     1 |     1 ||     2
Armor: Scale mail        |    42 |       ||    42
       Plate armour      |    30 |   102 ||   132
Dodge: Dodged            |    46 |    38 ||    84
Block: Buckler           |    19 |    22 ||    41

Table legend:
 A = Non-vault XP
 B = Vault XP
 C = Vault XP percentage of total XP
 D = Non-vault monster count
 E = Vault monster count
 F = Vault count percentage of total count
                 A         B        C        D         E       F
            +---------+---------+-------+---------+---------+-------
      Total |     200 |      18 |   8.3 |      56 |       9 |  13.8
            +---------+---------+-------+---------+---------+-------
        D:1 |      48 |       0 |   0.0 |      26 |       0 |   0.0
        D:2 |      57 |       0 |   0.0 |      11 |       0 |   0.0
        D:3 |      78 |      18 |  18.8 |      17 |       9 |  34.6
        D:4 |      17 |       0 |   0.0 |       2 |       0 |   0.0
            +---------+---------+-------+---------+---------+-------
